AoeStats
← chpstkx

Lombardia

510184515Analyzed
2v2 RM · 3d ago on Sep 29, 2026· 33m 27s· 4 players
Game mode
Random Map
Map size
Medium (4 player)
Population
200
Speed
Normal
Resources
Standard
Victory
Conquest
Starting age
Dark Age
Ending age
Imperial Age
RankedLock teamsTeams togetherTeam positionsShared explorationLock speedFull tech treeHidden civsTurbo modeCheats
Victory
Defeat
🇺🇸 Danes · United States
1306
+15
🇺🇸 Berbers · United States
1305
+15
🇬🇧 Saracens · United Kingdom
1305
-16
🇬🇧 Khmer · United Kingdom
1268
-14
chpstkx
7:48 Loom
9:55 Feudal Age
10:24 Double-Bit Axe
12:29 Bloodlines
13:53 Scale Barding Armor
15:30 Horse Collar
18:53 Forging
27:25 Castle Age
26:01 Wheelbarrow
27:32 Light Cavalry
28:16 Husbandry
28:45 Chain Barding Armor
28:38 Bow Saw
32:01 Gold Mining
Binny Bong Baron
6:33 Loom
11:08 Feudal Age
13:54 Fletching
14:04 Padded Archer Armor
Fairenlore
8:15 Loom
10:54 Feudal Age
10:59 Feudal Age
12:35 Double-Bit Axe
16:30 Bloodlines
20:00 Fletching
20:35 Padded Archer Armor
22:25 Horse Collar
25:19 Castle Age
26:30 Scale Barding Armor
26:21 Bodkin Arrow
27:11 Husbandry
27:33 Chain Barding Armor
31:48 Forging
32:05 Gold Mining
34:31 Iron Casting
Strongholdhero
9:04 Loom
10:49 Feudal Age
13:02 Double-Bit Axe
17:07 Castle Age
15:45 Fletching
15:56 Horse Collar
17:43 Padded Archer Armor
21:08 Bodkin Arrow
27:10 Wheelbarrow
34:09 Bloodlines
33:59 Husbandry
Connection lost

Rejoining the realm…

Still unreachable

The connection could not be restored.

Session expired

The server has moved on; the page needs a fresh start.